 Dungeon Crawl Stone Soup version 0.28-a0-1038-g9c4cb8273d (webtiles) character file.

Game seed: 12046080440662975579

404 siradein the Skirmisher (level 6, -1/53 HPs)
             Began as a Draconian Fighter on Dec 8, 2021.
             Splashed by a jelly's acid (11 damage)
             ... on level 3 of the Dungeon.
             The game lasted 00:06:15 (4358 turns).

siradein the Skirmisher (Draconian Fighter)         Turns: 4358, Time: 00:06:15

Health: -1/53      AC: -2    Str: 27    XL:     6   Next: 56%
Magic:  6/6        EV: 13    Int:  8    God:
Gold:   180        SH:  5    Dex: 16    Spells: 5/5 levels left

rFire   . . .      SeeInvis .   a - +0 flail
rCold   . . .      Faith    .   b - +0 buckler
rNeg    . . .      Spirit   .   (armour unavailable)
rPois   .          Reflect  .   (helmet restricted)
rElec   .          Harm     .   (no cloak)
rCorr   .          Rampage  .   (no gloves)
Will    .....                   (no boots)
Stlth   +.........              (no amulet)
HPRegen 0.17/turn               h - +6 ring of strength
MPRegen 0.10/turn               m - +6 ring of dexterity

@: corroded
A: AC +6, unfitting armour, cold-blooded
a: no special abilities


You were on level 3 of the Dungeon.
You visited 1 branch of the dungeon, and saw 4 of its levels.

You collected 180 gold pieces.

Inventory:

Hand Weapons
 a - a +0 flail (weapon)
Armour
 b - a +0 buckler (worn)
Jewellery
 h - a +6 ring of strength (left hand)
 m - a +6 ring of dexterity (right hand)
Wands
 n - a wand of flame (8)
Scrolls
 f - a scroll of teleportation
 g - a scroll of blinking
 i - a scroll of identify
 j - a scroll of fear {unknown}
 k - a scroll of silence {unknown}
 o - a scroll of amnesia {unknown}
 p - a scroll of enchant weapon {unknown}
 q - a scroll of vulnerability {unknown}
 s - a scroll of torment {unknown}
Potions
 c - a potion of might
 d - a potion of berserk rage
 e - a potion of attraction
 l - 2 potions of heal wounds {unknown}
 r - a potion of resistance {unknown}


   Skills:
 + Level 4.7 Fighting
 + Level 3.7 Maces & Flails
 + Level 3.9 Dodging
 + Level 4.3 Shields
 + Level 2.0 Evocations


You had 5 spell levels left.
You didn't know any spells.
Your spell library contained the following spells:

 Spells                   Type           Power      Damage    Failure   Level
 Animate Skeleton         Necr           0%         N/A       41%         1
 Apportation              Tloc           0%         N/A       41%         1
 Summon Small Mammal      Summ           0%         N/A       41%         1
 Conjure Ball Lightning   Conj/Air       0%         3x3d6     100%        6
 Discord                  Hex            0%         N/A       100%        8
 Disjunction              Tloc           0%         N/A       100%        8


Dungeon Overview and Level Annotations

Branches:
Dungeon (4/15)
 Temple: D:4-7

Altars:
Wu Jian
Xom


Innate Abilities, Weirdness & Mutations

Your plain brown scales are hard. (AC +6)
You cannot fit into any form of body armour.
You are cold-blooded and may be slowed by cold attacks.


Message History

You start resting.
You feel sick.
You are no longer poisoned.
You start resting.
HP restored.
You climb downwards.
The giant cockroach closely misses you. You block the kobold's attack.
The jelly hits you.
You are splashed with acid!
The giant cockroach bites you but does no damage.
There is a stone staircase leading up here.
The giant cockroach misses you. The kobold barely misses you.
The jelly hits you.
You are splashed with acid.
The kobold closely misses you.
You climb upwards.
There is a stone staircase leading down here.
The kobold barely misses you. The jelly closely misses you.
The giant cockroach closely misses you. The kobold misses you.
The kobold closely misses you. You block the kobold's attack.
The kobold barely misses you.
The kobold throws a poisoned dart.
The poisoned dart closely misses you.
You closely miss the kobold.
Your tail-slap misses the kobold.
The kobold misses you.
You completely miss the kobold.
Your tail-slap misses the kobold.
The kobold hits you but does no damage.
You hit the kobold.
You kill the kobold!
You barely miss the jelly. The jelly hits you but does no damage.
You hit the jelly. The acid corrodes you!
Your hands burn!
The jelly is lightly wounded.
You block the jelly's attack.
You hit the jelly but do no damage.
Your hands burn!
The jelly is lightly wounded.
The jelly hits you. The acid corrodes you!
You are splashed with acid!
The jelly hits you. The acid corrodes you!
You are splashed with acid.
* * * LOW HITPOINT WARNING * * *
You sock the jelly!
Your hands burn!
* * * LOW HITPOINT WARNING * * *
The jelly is heavily wounded.
The jelly closely misses you. The jelly hits you.
* * * LOW HITPOINT WARNING * * *
You are splashed with acid!
You die...

##'#.#.###.##.######.#.#
#..B.#.....##...........
#....###################
#.......................
#..K####################
#....K.#........#..###..
#....#.#.######....#.###
#....#J#.###....#.#..#.#
#....#.@>.......#'#.#..#
#....#..<.......#.###.#.
#....#..[.....#.#...###.
#........(......###)).##
#...##........###.###...
##............# #...##..
######.......# ###....#
######### #(##..##
#....##.


You could see a jelly and a kobold.

Vanquished Creatures
  Sigmund (D:3)
  A scorpion (D:3)
  5 gnolls
  6 adders
  A dart slug (D:1)
  3 orcs (D:3)
  12 ball pythons
  7 endoplasms
  6 giant cockroaches
  8 goblins
  9 hobgoblins
  3 jackals (D:1)
  6 kobolds
  6 quokkas
  A bat (D:2)
  3 frilled lizards (D:3)
  8 rats
86 creatures vanquished.

Vanquished Creatures (others)
  8 plants (D:2)
8 creatures vanquished.

Grand Total: 94 creatures vanquished

Notes
Turn   | Place    | Note
-------+----------+-------------------------------------------
     0 | D:1      | siradein the Draconian Fighter began the quest for the Orb.
     0 | D:1      | Reached XP level 1. HP: 19/19 MP: 1/1
   177 | D:1      | Reached XP level 2. HP: 26/26 MP: 2/2
   596 | D:1      | Reached XP level 3. HP: 26/31 MP: 3/3
  1311 | D:2      | Reached XP level 4. HP: 24/40 MP: 4/4
  3271 | D:3      | Reached XP level 5. HP: 46/46 MP: 5/5
  3364 | D:3      | Reached skill level 1 in Evocations
  3712 | D:3      | Found an ornate altar of the Wu Jian Council.
  3713 | D:3      | Found a shimmering altar of Xom.
  3875 | D:3      | Noticed Sigmund
  3883 | D:3      | Killed Sigmund
  3884 | D:3      | Reached XP level 6. HP: 43/53 MP: 6/6
  4358 | D:3      | Splashed by a jelly's acid

Illustrated notes

Levels and vault maps discovered:
D:1:      amcnicky_arrival_flooded_fountain, layout_loops_ring, fountainhead
D:2:      layout_rooms, serial_forest, infiniplex_forest_end_double,
          infiniplex_forest_clump_double, infiniplex_forest_lined_2,
          infiniplex_forest_lined_1, infiniplex_forest_straight_2,
          infiniplex_forest_fountain, infiniplex_forest_straight_2
D:3:      minmay_razor_zed, layout_basic, nicolae_overflow_squiral, uniq_sigmund
D:4:      layout_rooms, kennysheep_generic_room_12

Skill      XL: |  1  2  3  4  5 |
---------------+----------------+-----
Dodging        | 3 |  3.9
Fighting       | 4 |  4.7
Maces & Flails | 3 |  3.7
Shields        | 4 |  4.3
Evocations     | 2 |  2.0

Action                   |  1- 3 |  4- 6 || total
-------------------------+-------+-------++-------
Melee: Flail             |   110 |   119 ||   229
       Tailslap          |    12 |    18 ||    30
  Use: Scroll            |       |     4 ||     4
 Stab: Sleeping          |       |     1 ||     1
Armor: Skin              |    38 |    16 ||    54
Dodge: Dodged            |    60 |    92 ||   152
Block: Buckler           |    35 |    36 ||    71

Table legend: (Time is in decaauts)
 A = Elapsed time spent in this place.
 B = Non-inter-level travel time spent in this place.
 C = Inter-level travel time spent in this place.
 D = Time resting spent in this place.
 E = Time spent auto-exploring this place.
 F = Levels seen in this place.
 G = Mean time per level.
                   A        B        C        D        E       F      G
               +--------+--------+--------+--------+--------+-----+--------+
         Total |   4430 |   4379 |     51 |    735 |   2699 |   4 | 1107.5 |
       Dungeon |   4430 |   4379 |     51 |    735 |   2699 |   4 | 1107.5 |
               +--------+--------+--------+--------+--------+-----+--------+

Top non-repeatable levels by time:
     D:1: 1727 daAuts
     D:2: 1489 daAuts
     D:3: 1206 daAuts
     D:4: 7 daAuts
